 Dungeon Crawl Stone Soup version 0.19.1 (webtiles) character file.

8285 BaronBadger the Cleaver (level 11, -3/100 HPs)
             Began as a Deep Dwarf Fighter on Nov 30, 2016.
             Was a Priest of Makhleb.
             Slain by an orc warrior
             ... wielding a +0 war axe
              (15 damage)
             ... in a bailey.
             The game lasted 00:19:17 (7344 turns).

BaronBadger the Cleaver (Deep Dwarf Fighter)        Turns: 7344, Time: 00:19:18

Health: -3/100     AC: 24    Str: 25    XL:     11   Next: 7%
Magic:  8/8        EV:  7    Int: 12    God:    Makhleb [***...]
Gold:   551        SH: 14    Dex: 20    Spells: 0 memorised, 10 levels left

rFire  + . .     SeeInvis .     a - +0 war axe (protect)
rCold  + . .     Gourm    .     t - +0 plate armour
rNeg   . . .     Faith    .     c - +1 shield
rPois  .         Spirit   .     K - +1 helmet
rElec  .         Reflect  .     (no cloak)
rCorr  .         Harm     .     B - +0 pair of gloves
MR     +....                    (no boots)
Stlth  ..........               (no amulet)
                                q - ring of protection from fire
                                b - ring of Psychosis {rC+ Int+3 Dex+5 Slay+6}

@: mighty, protection aura, non-regenerating
A: damage resistance, recharge devices, sense surroundings 2, slow regeneration
3
a: Device Recharging, Minor Destruction, Lesser Servant of Makhleb, Renounce
Religion


You were in a bailey.
You worshipped Makhleb.
Makhleb was most pleased with you.
You were near starving.

You visited 2 branches of the dungeon, and saw 10 of its levels.
You also visited: Ossuary and Bailey.

You collected 551 gold pieces.

Inventory:

Hand Weapons
 a - a +0 war axe of protection (weapon)
 g - a cursed -2 hand axe
 l - a +0 mace
Armour
 c - a +1 shield (worn)
 t - a +0 plate armour (worn)
 B - a +0 pair of gloves (worn)
 K - a +1 helmet (worn)
Jewellery
 b - the ring of Psychosis (left hand) {rC+ Int+3 Dex+5 Slay+6}
   (You found it on level 8 of the Dungeon)

   [ring of slaying]

   It affects your intelligence (+3).
   It affects your dexterity (+5).
   It affects your accuracy and damage with ranged weapons and melee attacks
   (+6).
   It protects you from cold.
 q - a ring of protection from fire (right hand)
 F - an uncursed ring of poison resistance
Wands
 e - a wand of heal wounds (0/9)
 y - a wand of disintegration (14/24)
Scrolls
 m - 2 scrolls of enchant armour
 n - 4 scrolls of remove curse
 u - a scroll of identify
 v - 9 scrolls of teleportation
Potions
 d - 5 potions of might
 i - 2 potions of resistance
 j - a potion of agility {unknown}
 k - 4 potions of flight {unknown}
 p - 3 potions of mutation
 r - 2 potions of brilliance
 x - a potion of berserk rage {unknown}
 z - 2 potions of magic {unknown}
 C - 2 potions of curing
 E - 2 potions of invisibility {unknown}
Comestibles
 f - 3 bread rations
 o - 3 meat rations
 s - 9 chunks of flesh
 w - 15 fruits
 D - a slice of pizza


   Skills:
 + Level 7.3 Fighting
 * Level 11.9 Axes
 + Level 8.8 Armour
 + Level 1.5 Dodging
 + Level 9.1 Shields
 + Level 3.1 Evocations


You had 10 spell levels left.
You didn't know any spells.

Dungeon Overview and Level Annotations

Branches:
Dungeon (9/15)             Temple (1/1) D:4
   Lair: D:8-11         Orc: D:9-12

Altars:
Ashenzari
Cheibriados
Dithmenos
Elyvilon
Fedhas
Gozag
Hepliaklqana
Kikubaaqudgha
Makhleb
Nemelex Xobeh
Okawaru
Qazlal
Ru
Sif Muna
Trog
Uskayaw
Vehumet
Xom
Yredelemnul
Zin
The Shining One

Shops:
D:9 %


Innate Abilities, Weirdness & Mutations

You are resistant to damage.
You can recharge devices by infusing magical energy.
You passively map the area around you.
You do not regenerate.


Message History

The orc warrior is severely wounded.
You closely miss the orc warrior. You hit the orc warrior.
You block the orc warrior's attack.
The orc warlord hits you from afar with a glaive!!
You block the orc warrior's attack.
The orc warrior hits you with a hand axe!
You barely miss the orc warrior.
The orc warrior is severely wounded.
You slice the orc warrior!! You completely miss the orc warrior.
You block the orc warrior's attack.
The orc warlord hits you from afar with a glaive!!
* * * LOW HITPOINT WARNING * * *
You block the orc warrior's attack.
The orc warrior hits you with a hand axe.
* * * LOW HITPOINT WARNING * * *
You barely miss the orc warrior.
The orc warrior is severely wounded.
You miss the orc warrior. You hit the orc warrior.
The orc warrior hits you with a war axe!
You die...

))........#........ , *
.)........#........
.).......###....... ,###
'#.....###.###.....#+#.###
.###.###
....###.###.....###
...###, ......
##.........## ....#
.....o##8..........# ....#
.....oo#8..........#
....#,
.....oo@.....⌠....∩# ....#
.....oo#8..........# ....#
,,......##8..........#
...###,
......###.........##
.###.###
....###.###))...###
'#.....###.###.....#'#.###
..)).....###.........###
...)......#...........#
.)))......#...........#


You could see an orc warlord, 5 orc warriors and an orc.

Vanquished Creatures
  An orc knight (Bailey)
  Joseph (D:7)
  A hornet (D:8)
  Prince Ribbit (D:7)
  8 yaks (D:9)
  A hungry ghost (D:7)
  Edmund (D:4)
  5 porcupines (D:9)
  2 ice beasts
  15 orc warriors
  2 phantoms (D:7)
  A sky beast (D:9)
  A necrophage (D:8)
  2 ogres
  A centaur (D:6)
  3 crocodiles (D:9)
  A big kobold (D:7)
  Blork the orc (D:4)
  6 bullfrogs
  A gnoll sergeant (D:7)
  2 scorpions (D:8)
  3 killer bees (D:7)
  3 wights (D:6)
  3 howler monkeys (D:8)
  3 crimson imps
  A bullfrog zombie (D:5)
  5 hounds
  An orc priest (D:8)
  3 bullfrog skeletons
  A gnoll shaman (D:5)
  A jelly (D:5)
  2 centaur skeletons (D:6)
  4 iguanas
  7 orc wizards
  A hell rat (D:6)
  8 worker ants
  8 big kobold zombies (Ossuary)
  A hound zombie (D:8)
  A hound skeleton (D:4)
  2 mummies
  Robin (D:3)
  17 gnolls
  10 adders
  9 river rats
  A shadow imp (D:5)
  An adder zombie (D:5)
  An adder skeleton (D:5)
  A worm (D:3)
  2 dart slugs
  5 leopard geckos
  30 orcs
  3 spectral bats (Ossuary)
  2 ball pythons
  9 bats
  6 giant cockroaches
  4 gnoll zombies (Ossuary)
  35 goblins
  19 hobgoblins
  8 jackals
  2 quokkas
  2 bat simulacra (Ossuary)
  8 frilled lizards
  3 goblin simulacra (Ossuary)
  3 goblin zombies (Ossuary)
  4 hobgoblin zombies (Ossuary)
  14 kobolds
  2 kobold simulacra (Ossuary)
  4 kobold zombies (Ossuary)
  7 orc zombies (Ossuary)
  25 rats
  2 rat simulacra (Ossuary)
  7 spectral goblins (Ossuary)
  4 spectral rats (Ossuary)
366 creatures vanquished.

Vanquished Creatures (others)
  A bush (D:9)
1 creature vanquished.

Grand Total: 367 creatures vanquished

Notes
Turn   | Place    | Note
-------+----------+-------------------------------------------
     0 | D:1      | BaronBadger the Deep Dwarf Fighter began the quest for the Orb.
     0 | D:1      | Reached XP level 1. HP: 20/20 MP: 1/1
   211 | D:1      | Reached XP level 2. HP: 20/27 MP: 2/2
   690 | D:2      | Reached XP level 3. HP: 29/33 MP: 3/3
   829 | D:2      | Reached skill level 3 in Axes
  1041 | D:2      | Reached XP level 4. HP: 36/42 MP: 4/4
  1422 | D:3      | Noticed Robin
  1443 | D:3      | Reached skill level 4 in Axes
  1449 | D:3      | Killed Robin
  1449 | D:3      | Reached XP level 5. HP: 35/49 MP: 5/5
  2213 | D:4      | Found a staircase to the Ecumenical Temple.
  2218 | Temple   | Entered the Ecumenical Temple
  2453 | D:4      | Noticed Edmund
  2469 | D:4      | Killed Edmund
  2469 | D:4      | Reached skill level 5 in Axes
  2469 | D:4      | Reached XP level 6. HP: 28/56 MP: 6/6
  2641 | D:4      | Noticed Blork the orc
  2658 | D:4      | Killed Blork the orc
  2767 | D:5      | Entered Level 5 of the Dungeon
  2961 | D:5      | Noticed an ice beast
  2976 | D:5      | Killed an ice beast
  2976 | D:5      | Reached skill level 5 in Shields
  2976 | D:5      | Reached XP level 7. HP: 28/64 MP: 7/7
  3117 | D:5      | Found a sacrificial altar of Ru.
  3164 | D:5      | Reached skill level 6 in Axes
  3236 | D:5      | Reached skill level 5 in Armour
  3788 | D:6      | Found a sand-covered staircase.
  3798 | D:6      | Reached XP level 8. HP: 40/73 MP: 7/7
  3803 | Ossuary  | Entered an ossuary
  3911 | Ossuary  | Reached skill level 7 in Axes
  4372 | D:6      | Reached skill level 5 in Fighting
  4709 | D:6      | Reached skill level 8 in Axes
  4919 | D:6      | Gained mutation: You passively map the area around you. [Deep Dwarf growth]
  4919 | D:6      | Reached XP level 9. HP: 40/81 MP: 8/8
  5155 | D:7      | Noticed Joseph
  5174 | D:7      | Killed Joseph
  5174 | D:7      | Reached skill level 9 in Axes
  5214 | D:7      | Noticed Prince Ribbit
  5320 | D:7      | Found a basalt altar of Yredelemnul.
  5499 | D:7      | Killed Prince Ribbit
  5522 | D:7      | Found a burning altar of Makhleb.
  5553 | D:7      | Found a bloodstained altar of Trog.
  5554 | D:7      | Found a stormy altar of Qazlal.
  5554 | D:7      | Found a sparkling altar of Nemelex Xobeh.
  5558 | D:7      | Became a worshipper of Makhleb the Destroyer
  5852 | D:7      | Reached skill level 10 in Axes
  6011 | D:8      | Got a transparent granite ring
  6155 | D:8      | Reached XP level 10. HP: 63/92 MP: 9/9
  6469 | D:8      | Reached * piety under Makhleb
  6828 | D:9      | Reached skill level 11 in Axes
  6875 | D:9      | Found Umpu's Food Shop.
  7035 | D:9      | Found a flagged portal.
  7049 | Bailey   | Entered a bailey
  7057 | Bailey   | Identified the ring of Psychosis {rC+ Int+3 Dex+5 Slay+6} (You found it on level 8 of the Dungeon)
  7081 | Bailey   | Reached skill level 1 in Evocations
  7094 | Bailey   | Reached ** piety under Makhleb
  7231 | Bailey   | Reached skill level 1 in Dodging
  7260 | Bailey   | Reached *** piety under Makhleb
  7317 | Bailey   | Noticed an orc warlord
  7318 | Bailey   | Noticed an orc knight
  7335 | Bailey   | Reached XP level 11. HP: 32/100 MP: 8/8
  7336 | Bailey   | Killed an orc knight
  7344 | Bailey   | Slain by an orc warrior

Skill      XL: |  1  2  3  4  5  6  7  8  9 10 11 |
---------------+----------------------------------+-----
Axes           | 3 4 5 6 8 10 11 | 11.9
Fighting       | 3 4 5 6 7 |  7.3
Shields        | 4 5 6 7 9 |  9.1
Armour         | 4 5 6 7 8 |  8.8
Evocations     | 2 3 |  3.1
Dodging        | 1 |  1.5

Action                   |  1- 3 |  4- 6 |  7- 9 | 10-12 || total
-------------------------+-------+-------+-------+-------++-------
Melee: War axe           |   145 |   226 |   775 |   296 ||  1442
 Abil: Device Recharging |       |       |     1 |     4 ||     5
Evoke: Wand              |     1 |     1 |    12 |    13 ||    27
  Use: Scroll            |       |       |    18 |     1 ||    19
       Potion            |       |       |     3 |     5 ||     8
 Stab: Paralysed         |       |       |     1 |       ||     1
  Eat: Chunk             |     1 |     6 |     4 |     3 ||    14
       Beef jerky        |       |       |     4 |       ||     4
       Pizza             |       |       |     3 |       ||     3
Armor: Scale mail        |    40 |       |       |       ||    40
       Plate armour      |    57 |   168 |   428 |   188 ||   841
Dodge: Dodged            |    33 |    26 |   118 |    57 ||   234
Block: Shield            |   113 |   140 |   384 |   202 ||   839
